 Dungeon Crawl Stone Soup version 0.18.1-48-g4cf74bf (webtiles) character file.

0 glosham the Skirmisher (level 1, -1/17 HPs)
             Began as a Vampire Abyssal Knight on Sept 1, 2016.
             Was a Follower of Lugonu.
             Slain by a bone dragon (4 damage)
             ... on level 2 of the Abyss.
             The game lasted 00:03:42 (167 turns).

glosham the Skirmisher (Vampire Abyssal Knight)      Turns: 167, Time: 00:03:42

Health: -1/17      AC:  8    Str: 11    XL:     1   Next: 0%
Magic:  2/2        EV: 12    Int: 14    God:    Lugonu [*.....]
Gold:   77         SH:  0    Dex: 13    Spells: 0 memorised, 0 levels left

rFire  . . .     SeeInvis +     a - +1 dagger (protect)
rCold  . . .     Gourm    .     b - +0 leather armour
rNeg   + . .     Faith    .     (no shield)
rPois  .         Spirit   .     (no helmet)
rElec  .         Dismiss  .     (no cloak)
rCorr  .         Reflect  .     (no gloves)
SustAt .         Harm     .     (no boots)
MR     .....                    (no amulet)
Stlth  +.........               (no ring)
                                (no ring)

@: non-regenerating, badly diseased, not resistant to hostile enchantments, very
unstealthy
A: fangs 3, see invisible, unbreathing
a: Depart the Abyss, Renounce Religion


You were on level 2 of the Abyss.
You worshipped Lugonu.
Lugonu was aware of your devotion.
You were not thirsty.

You visited 0 branches of the dungeon, and saw 0 of its levels.
You visited the Abyss 1 time.

You collected 77 gold pieces.

Inventory:

Hand Weapons
 a - a +1 dagger of protection (weapon)
 e - a +1 short sword
Armour
 b - a +0 leather armour (worn)
 f - a +1 helmet
Jewellery
 g - an uncursed amulet of the gourmand {unknown}
Scrolls
 d - 2 scrolls of identify
Potions
 c - a potion of blood


   Skills:
 - Level 2.6 Fighting
 - Level 2.1 Short Blades
 - Level 0.7 Armour
 - Level 2.1 Dodging
 + Level 0.0 Stealth
 - Level 1.5 Invocations


You couldn't memorise any spells.
You didn't know any spells.

Dungeon Overview and Level Annotations

Branches:
Dungeon (0/15)

Altars:


Innate Abilities, Weirdness & Mutations

You have razor-sharp teeth.
You have supernaturally acute eyesight.
You can survive without breathing.


Message History

Found a gateway leading out of the Abyss.
Found 17 gold pieces.
You see here 17 gold pieces.
You now have 77 gold pieces (gained 17).
An ancient zyme comes into view.
You feel yourself growing ill in the presence of the ancient zyme.
You feel yourself growing ill in the presence of the ancient zyme.
Found a club.
You feel ill. x2
You feel ill.
You feel ill.
A ynoxinul comes into view.
The ynoxinul bellows!
You feel ill.
The ynoxinul gestures.
Found a glowing helmet.
Found a gateway leading out of the Abyss.
The ynoxinul gestures.
Found a bubbling white potion.
The ynoxinul gestures.
You see here a glowing helmet.
f - a glowing helmet You feel ill.
The ancient zyme hits you but does no damage.
The ancient zyme hits you.
You feel ill.
You feel ill.
Found a triangular garnet amulet.
Found 27 sling bullets.
Found 20 gold pieces.
You see here a triangular garnet amulet.
g - a triangular garnet amulet The ufetubus disappears in a puff of smoke!
You feel ill.
A bone dragon comes into view.
The ufetubus disappears in a puff of smoke!
The bone dragon closely misses you. The bone dragon claws you!
* * * LOW HITPOINT WARNING * * *
The bone dragon tramples you.
You die...

#.#. ## # ...## . ..
..##.##5. ....# ## #..
. .....##.#.# .. .#
.... #.#5.#....# . ..
#.#§## ## . ...5 .....
# ....§§ .### ###...#
.#..#
..##..#...5.#####....#
. ...##.#.##.#.x.D..§#
. ##..##...###.5##@.##
.##55##....##.§..#.#
#... #3......5.##.≈≈≈
.###....###.#.#..##≈≈..
##.....##..... # #.#
..#####.##≈#≈.≈. ? ....
# #. #≈≈#... .#..##. #
≈≈≈### ..## ## ≈≈≈#


You could see a bone dragon, an ancient zyme and an ufetubus.

Vanquished Creatures (others)
  A starspawn tentacle (Abyss:1)
  20 starspawn tentacle segments (Abyss:1)
21 creatures vanquished.

Notes
Turn   | Place    | Note
--------------------------------------------------------------
     0 | Abyss:1  | glosham the Vampire Abyssal Knight began the quest for the Orb.
     0 | Abyss:1  | Reached XP level 1. HP: 17/17 MP: 2/2
    86 | Abyss:1  | Noticed a tentacled starspawn
   110 | Abyss:2  | Noticed an ancient zyme
   128 | Abyss:2  | Noticed a ynoxinul
   166 | Abyss:2  | Noticed a bone dragon
   167 | Abyss:2  | Slain by a bone dragon

Action                   || total
-------------------------++-------
  Use: Scroll            ||     1
Armor: Leather armour    ||     1
Dodge: Dodged            ||     1

Table legend:
 A = Turns spent in this place as a percentage of turns spent in the entire game.
 B = Non-inter-level travel turns spent in this place as a percentage of non-inter-level travel turns spent in the entire game.
 C = Inter-level travel turns spent in this place as a percentage of turns spent in this place.
 D = Turns resting spent in this place as a percentage of non-inter-level travel turns spent in this place.
 E = Turns spent auto-exploring this place as a percentage of non-inter-level travel turns spent in this place.
 F = Non-inter-level travel turns spent in this place divided by the number of levels of this place that you've seen.
                   A       B       C       D       E      F
               +-------+-------+-------+-------+-------+----------------------
         Total | 100.0 | 100.0 |   0.0 |   0.0 |   0.0 |  84.5
         Abyss | 100.0 | 100.0 |   0.0 |   0.0 |   0.0 |  84.5
               +-------+-------+-------+-------+-------+----------------------

Vault maps used:
Abyss:2:  guppyfry_abyss_exit_glass_guarded
